 Dungeon Crawl Stone Soup version 0.29.1-14-g9c671dbff4 (webtiles) character file.

Game seed: 12312500369131627511

1717 booth the Chopper (level 8, -9/62 HPs)
             Began as a Demonspawn Gladiator on Feb 12, 2023.
             Was an Initiate of Okawaru.
             Mangled by Joseph
             ... wielding a +0 quarterstaff
              (14 damage)
             ... on level 7 of the Dungeon.
             The game lasted 00:43:50 (7331 turns).

booth the Chopper (Demonspawn Gladiator)            Turns: 7331, Time: 00:43:51

Health: -9/62      AC:  8    Str: 16    XL:     8   Next: 74%
Magic:  8/8        EV: 14    Int: 10    God:    Okawaru [......]
Gold:   294        SH:  5    Dex: 15    Spells: 7/7 levels left

rFire   + . .      SeeInvis +   a - +1 war axe
rCold   + . .      Faith    .   f - orb {light}
rNeg    . . .      Spirit   .   b - +1 leather armour
rPois   .          Reflect  +   (helmet restricted)
rElec   .          Harm     .   g - scarf {rC+ rF+}
rCorr   .          Rampage  .   t - +2 pair of gloves
Will    .....                   D - +0 pair of boots
Stlth   +.........              A - amulet of reflection
HPRegen 0.20/turn               u - ring of see invisible
MPRegen 0.11/turn               (no ring)

@: about to teleport, glowing
A: antennae 1, claws 1, (demonic guardian 2)
a: Renounce Religion


You were on level 7 of the Dungeon.
You worshipped Okawaru.
Okawaru was noncommittal.
You visited 2 branches of the dungeon, and saw 9 of its levels.

You collected 348 gold pieces.
You spent 54 gold pieces at shops.

Inventory:

Hand Weapons
 a - a +1 war axe (weapon)
 v - a +0 great mace
 C - a +0 vorpal hand axe
Missiles
 d - a throwing net (quivered)
 e - a javelin
 w - 4 atropa-tipped darts
 B - 3 boomerangs
Armour
 b - a +1 leather armour (worn)
 f - an orb of light (worn)
 g - a scarf of resistance (worn)
 t - a +2 pair of gloves (worn)
 D - a +0 pair of boots (worn)
Jewellery
 u - a ring of see invisible (left hand)
 A - an amulet of reflection (around neck)
Wands
 r - a wand of iceblast (9)
 E - a wand of paralysis (10)
Scrolls
 k - a scroll of silence
 o - a scroll of teleportation
 s - a scroll of vulnerability
 y - a scroll of torment {unknown}
Potions
 c - 3 potions of mutation
 h - 3 potions of curing
 j - a potion of ambrosia
 l - a potion of attraction
 m - a potion of lignification
 p - a potion of magic
 q - a potion of degeneration {unknown}
 x - 2 potions of invisibility
 z - a potion of might {unknown}
 F - a potion of flight {unknown}


   Skills:
 + Level 5.3 Fighting
 * Level 7.0 Axes
 + Level 4.8 Throwing
 + Level 5.2 Dodging


You had 7 spell levels left.
You didn't know any spells.
Your spell library contained the following spells:

 Spells                   Type           Power      Damage    Failure   Level
 Ensorcelled Hibernation  Hex/Ice        0%         N/A       56%         2
 Passwall                 Tmut/Erth      0%         N/A       56%         2
 Conjure Flame            Conj/Fire      0%         6-21      80%         3
 Ignite Poison            Fire/Tmut/Pois 0%         N/A       80%         3
 Swiftness                Air            0%         N/A       80%         3
 Sticky Flame             Conj/Fire      0%         2d3       99%         4


Dungeon Overview and Level Annotations

Branches:
Dungeon (8/15)             Temple (1/1) D:6
   Lair: D:8-11

Altars:
Ashenzari
Cheibriados
Dithmenos
Fedhas
Gozag
Hepliaklqana
Kikubaaqudgha
Makhleb
Nemelex Xobeh
Okawaru
Qazlal
Ru
Sif Muna
Uskayaw
Vehumet
Wu Jian
Xom

Shops:
D:2 [   D:4 :   D:6 *

Annotations:
D:7 Joseph


Innate Abilities, Weirdness & Mutations

You have a pair of small antennae on your head.
You have sharp fingernails.
((A demonic guardian rushes to your aid.))


Message History

You start resting.
Something unseen opens the door.
You start resting.
An orc wizard comes into view. It is wielding a +1 dagger of pain.
The orc wizard shouts!
You hear a shout! x5
You climb upwards.
Level annotation: Joseph Joseph unwields a +0 quarterstaff.
Joseph wields a +0 sling.
Joseph shoots a sling bullet.
The sling bullet barely misses you.
There is a stone staircase leading down here.
Joseph shoots a sling bullet.
The sling bullet barely misses you.
Found a potion of attraction.
You start resting.
Joseph is nearby!
Joseph shoots a sling bullet.
The sling bullet hits you.
Joseph unwields a +0 sling.
Joseph wields a +0 quarterstaff.
Joseph hits you with a +0 quarterstaff.
You barely miss Joseph. Joseph hits you but does no damage.
You hit Joseph but do no damage. Joseph hits you with a +0 quarterstaff.
You hit Joseph.
Joseph is lightly wounded.
You block Joseph's attack. Joseph barely misses you.
You hit Joseph.
Joseph is lightly wounded.
Joseph hits you with a +0 quarterstaff!
* * * LOW HITPOINT WARNING * * *
You barely miss Joseph.
Joseph is lightly wounded.
Joseph hits you with a +0 quarterstaff.
* * * LOW HITPOINT WARNING * * *
You slash Joseph!
Joseph is moderately wounded.
Joseph barely misses you.
You slash Joseph!
Joseph is moderately wounded.
Joseph hits you with a +0 quarterstaff!
* * * LOW HITPOINT WARNING * * *
As you read the scroll of teleportation, it crumbles to dust.
You feel strangely unstable. Joseph hits you with a +0 quarterstaff!
You die...

..###
####.)(.........#
#...#
###(.........#
###<#####
#.....)....# #
#.)...#
#......$...# #
#####.#
#..........# #
.## #..........#
.
...####.....####
. #......@#...#
###..@##$.#
###..#..# ##..>.#
##......#
#...##.# ###.# #
#... ..##! ... .


You could see Joseph.

Vanquished Creatures
  An ice beast (D:6)
  2 sky beasts
  A black bear (D:7)
  2 phantoms
  3 bullfrogs
  A scorpion (D:6)
  A necrophage (D:6)
  5 jellies
  4 hounds
  An orc priest (D:4)
  An iguana (D:5)
  4 orc wizards
  5 adders
  3 white imps
  3 ufetubi
  A dart slug (D:1)
  27 orcs
  A ball python (D:1)
  4 bats
  6 endoplasms
  3 giant cockroaches
  5 goblins
  5 hobgoblins
  7 jackals
  A quokka (D:2)
  4 frilled lizards
  5 kobolds
  7 rats
113 creatures vanquished.

Vanquished Creatures (collateral kills)
  2 black bears
  A centaur (D:5)
3 creatures vanquished.

Grand Total: 116 creatures vanquished

Notes
Turn   | Place    | Note
-------+----------+-------------------------------------------
     0 | D:1      | booth the Demonspawn Gladiator began the quest for the Orb.
     0 | D:1      | Reached XP level 1. HP: 16/16 MP: 1/1
    94 | D:1      | Found a faded altar of an unknown god.
   332 | D:1      | Discovered your monstrous ancestry.
   332 | D:1      | Gained mutation: You have a pair of small antennae on your
                  | head. [demonic ancestry]
   332 | D:1      | Reached XP level 2. HP: 22/22 MP: 2/2
   397 | D:1      | Reached skill level 3 in Axes
  1084 | D:2      | Gained mutation: A weak demonic guardian rushes to your
                  | aid. [demonic ancestry]
  1084 | D:2      | Reached XP level 3. HP: 28/28 MP: 3/3
  1862 | D:2      | Found Uddeso's Armour Emporium.
  2031 | D:2      | Bought a +0 pair of gloves for 54 gold pieces
  2766 | D:3      | Gained mutation: A demonic guardian rushes to your aid.
                  | [demonic ancestry]
  2766 | D:3      | Reached XP level 4. HP: 32/34 MP: 4/4
  3317 | D:4      | Upgraded the game from 0.29.1-13-g9f3cf754e1 to
                  | 0.29.1-14-g9c671dbff4
  3447 | D:4      | Found Toomayphic's Self-Improvement Boutique.
  3843 | D:4      | Reached XP level 5. HP: 33/40 MP: 5/5
  3845 | D:4      | Reached skill level 4 in Axes
  4416 | D:5      | Entered Level 5 of the Dungeon
  4641 | D:5      | Noticed a phantom
  4658 | D:5      | Killed a phantom
  4659 | D:5      | Reached XP level 6. HP: 45/47 MP: 6/6
  4810 | D:5      | Reached skill level 5 in Axes
  4915 | D:5      | Gained mutation: You have sharp fingernails. [demonic
                  | ancestry]
  4915 | D:5      | Reached XP level 7. HP: 43/53 MP: 7/7
  5840 | D:6      | Reached skill level 6 in Axes
  5840 | D:6      | Reached XP level 8. HP: 25/61 MP: 8/8
  6027 | D:6      | Found a staircase to the Ecumenical Temple.
  6048 | Temple   | Entered the Ecumenical Temple
  6192 | Temple   | Became a worshipper of Warmaster Okawaru
  6265 | D:6      | Found Meyzafor's General Store.
  6623 | D:6      | Found a sacrificial altar of Ru.
  6623 | D:6      | Found an ancient bone altar of Kikubaaqudgha.
  6623 | D:6      | Found a shimmering altar of Xom.
  6623 | D:6      | Found an opulent altar of Gozag.
  6749 | D:6      | Reached skill level 5 in Fighting
  6749 | D:6      | Reached skill level 5 in Dodging
  7119 | D:7      | Noticed Joseph
  7148 | D:7      | Reached skill level 7 in Axes
  7331 | D:7      | Mangled by Joseph

Illustrated notes

Levels and vault maps discovered:
D:1:      lightli_arrival_noodles, layout_loops_corners, basic_ecumenical_altar
D:2:      layout_loops_corners, serial_shops, nicolae_square_shop
D:3:      wad_crossroads, layout_basic, lightli_corner_chamber
D:4:      layout_basic, nicolae_shop_self_help
D:5:      layout_loops_ring, glass_columns_c
D:6:      layout_basic, chequers_temple_overflow_statue_of_worship,
          minmay_temple_entry_tees, serial_shops, shop
D:7:      layout_rooms, dk_noncrumbling_2, serial_park_tiny_1, uniq_menkaure,
          uniq_joseph, uniq_maggie
D:8:      layout_rooms, lemuel_coloured_pillars_altar, dpeg_lair_monsters,
          minmay_fountain_box, minmay_fractal_squares_5, uniq_gastronok
Temple:   regret_index_temple_sphere_string

Skill      XL: |  1  2  3  4  5  6  7  8 |
---------------+-------------------------+-----
Axes           | 3 4 5 6 7 |  7.0
Throwing       | 2 3 4 |  4.8
Dodging        | 3 4 5 |  5.2
Fighting       | 3 4 5 |  5.3

Action                   |  1- 3 |  4- 6 |  7- 9 || total
-------------------------+-------+-------+-------++-------
Melee: War axe           |    94 |   100 |   132 ||   326
Throw: Dart              |       |     1 |     9 ||    10
       Throwing net      |       |       |     2 ||     2
  Use: Scroll            |     6 |     9 |     3 ||    18
       Potion            |     1 |     1 |     3 ||     5
Armor: Leather armour    |    27 |    62 |    50 ||   139
Dodge: Dodged            |    67 |    94 |    99 ||   260
Block: Orb               |       |       |    32 ||    32
       Reflection        |       |       |     1 ||     1
